 Dungeon Sprint DCSS version 0.31-a0-844-gdc52ec4e09 (webtiles) character file.

Game seed: 6176674209896133000

432 sircluck the Grappler (level 6, -5/106 HPs)
             Began as a Troll Berserker on Sept 29, 2023.
             Was a Believer of Trog.
             Slain by a yak (8 damage)
             ... in the Dungeon (Sprint VII: "The Pits").
             The game lasted 00:00:14 (38 turns).

sircluck the Grappler (Troll Berserker)               Turns: 38, Time: 00:00:14

Health: -5/106     AC:  4    Str: 28    XL:     6   Next: 67%
Magic:  5/5        EV: 11    Int:  3    God:    Trog [**....]
Gold:   0          SH:  0    Dex:  9    Spells: 5/5 levels left

rFire   . .          .
                       - Unarmed
rCold   . . .        (no shield)
rNeg    . . .        a - +0 animal skin
rPois   .            (helmet restricted)
rElec   .            (no cloak)
rCorr   .            (gloves unavailable)
SInv    .            (boots unavailable)
Will    .....        (no amulet) Stlth
                     (no ring)
HPRegen 1.17/turn    (no ring)
MPRegen 0.09/turn

%: no teleportation
@: berserking, very quick
A: large, unfitting armour, claws 3, regeneration 1, shaggy fur 1, tough skin 1
a: Renounce Religion, Berserk, Trog's Hand


You were in the Dungeon.
You worshipped Trog.
Trog was pleased with you.
You visited 1 branch

Inventory:

Armour
 a - a +0 animal skin (worn)
Scrolls
 g - a scroll of blinking
Potions
 b - a potion of curing
 c - a potion of heal wounds
 d - a potion of haste
 e - 2 potions of magic
 f - a potion of berserk rage


   Skills:
 + Level 7.5 Fighting
 + Level 7.4 Dodging
 + Level 8.9 Unarmed Combat


You had 5 spell levels left.
You didn't know any spells.
Your spell library was empty.

Dungeon Overview and Level Annotations

Branches:
Dungeon (1/1)

Altars:


Innate Abilities, Weirdness & Mutations

You are too large for most types of armour.
You have claws for hands.
Your natural rate of healing is unusually fast.
You are covered in fur. (AC +1)
You have tough skin. (AC +1)


Message History

You can now call upon Trog for regeneration and willpower.
Your Fighting skill increases to level 7!
Your Dodging skill increases to level 7!
Unknown command.
Unknown command.
Unknown command.
You claw the yak! Your claw misses the yak.
The yak is moderately wounded.
The yak gores you!
* * * LOW HITPOINT WARNING * * *
The yak gores you but does no damage.
You claw the yak!
The yak is severely wounded.
You claw the yak!
The yak is almost dead.
The kobold hits you but does no damage. The yak gores you!
* * * LOW HITPOINT WARNING * * *
The endoplasm freezes you.
You are frozen.
* * * LOW HITPOINT WARNING * * *
The yak closely misses you.
Unknown command.
Unknown command.
Unknown command.
You closely miss the yak.
The yak is almost dead.
Unknown command.
Unknown command.
You barely miss the yak.
The yak is almost dead.
The kobold barely misses you.
The endoplasm hits you but does no damage.
The yak gores you.
* * * LOW HITPOINT WARNING * * *
The yak closely misses you.
Unknown command.
You barely miss the yak.
The yak is almost dead.
The yak gores you!
You die...

#................#
####'#####''######
#.......##''#
#.......##..#
#.......##..#
#...<...##..# #
#.......##..# .###
#.......##.†#....##
#.......##.@J.....#
##########KYY.....+
#..'.....#
#..#....##
#..#..### #..####
#..# #..#


You could see 2 yaks, an endoplasm and a kobold.

Vanquished Creatures
  3 yaks (D)
3 creatures vanquished.

Notes
Turn   | Place    | Note
-------+----------+-------------------------------------------
     0 | D        | sircluck the Troll Berserker began the quest for the Orb.
     0 | D        | Reached XP level 1. HP: 22/22 MP: 0/0
    21 | D        | Noticed a yak
    21 | D        | Noticed a yak
    21 | D        | Noticed a yak
    21 | D        | Noticed a yak
    21 | D        | Noticed a yak
    26 | D        | Killed a yak
    27 | D        | Reached skill level 5 in Fighting
    27 | D        | Reached skill level 5 in Dodging
    27 | D        | Reached skill level 6 in Unarmed Combat
    27 | D        | Reached XP level 2. HP: 35/35 MP: 1/1
    27 | D        | Reached XP level 3. HP: 42/42 MP: 2/2
    27 | D        | Reached XP level 4. HP: 50/50 MP: 3/3
    27 | D        | Reached XP level 5. HP: 57/57 MP: 4/4
    30 | D        | Killed a yak
    31 | D        | Reached skill level 8 in Unarmed Combat
    31 | D        | Reached XP level 6. HP: 39/68 MP: 5/5
    32 | D        | Killed a yak
    32 | D        | Reached ** piety under Trog
    35 | D        | HP: 5/106 [frozen (4)]
    37 | D        | HP: 2/106 [yak (4)]
    38 | D        | Slain by a yak

Illustrated notes

Levels and vault maps discovered:
D:        pitsprint [storerooms_1, entrance_room_1, metal_vault_1, armoury_2,
          mini_pit_1, grid_room_1, main_hall_1, silver_pit, the_coven_1,
          the_vestibule_1, steel_vault_1, golden_pit, hallway_of_sentries,
          crystal_vault_4, iron_vault_2, final_vault]

Skill      XL: |  1  2  3  4  5  6 |
---------------+-------------------+-----
Fighting       | 5 6 7 |  7.5
Dodging        | 5 6 7 |  7.4
Unarmed Combat | 6 8 |  8.9

Action                     |  1- 3 |  4- 6 || total
---------------------------+-------+-------++-------
  Melee: Unarmed           |     4 |    12 ||    16
         Punch             |       |     1 ||     1
 Invoke: Berserk           |     1 |       ||     1
 Armour: Animal skin       |     2 |    12 ||    14
  Dodge: Dodged            |     2 |     7 ||     9

Table legend: (Time is in decaauts)
 A = Elapsed time spent in this place.
 B = Non-inter-level travel time spent in this place.
 C = Inter-level travel time spent in this place.
 D = Time resting spent in this place.
 E = Time spent auto-exploring this place.
 F = Levels seen in this place.
 G = Mean time per level.
                   A        B        C        D        E       F      G
               +--------+--------+--------+--------+--------+-----+--------+
         Total |     31 |     31 |      0 |      0 |     21 |   1 |   31.0 |
       Dungeon |     31 |     31 |      0 |      0 |     21 |   1 |   31.0 |
               +--------+--------+--------+--------+--------+-----+--------+

Top non-repeatable levels by time:
       D: 31 daAuts
